 Dungeon Crawl Stone Soup version 0.23.0 (webtiles) character file.

Game seed: 16005655527052630347

6 Trogdor the Vexing (level 1, 0/7 HPs)
             Began as a Felid Enchanter on Feb 24, 2019.
             Slain by an ooze (1 damage)
             ... on level 1 of the Dungeon.
             The game lasted 00:02:26 (220 turns).

Trogdor the Vexing (Felid Enchanter)                 Turns: 220, Time: 00:02:26

Health: 0/7        AC:  1    Str:  4    XL:     1   Next: 75%
Magic:  2/4        EV: 18    Int: 16    God:
Gold:   4          SH:  0    Dex: 16    Spells: 3/4 levels left
                                        Lives:  0   Deaths: 0

rFire    . . .     SeeInvis +     - Unarmed
rCold    . . .     Gourm    .   (shield unavailable)
rNeg     . . .     Faith    .   (armour unavailable)
rPois    .         Spirit   .   (helmet unavailable)
rElec    .         Reflect  .   (cloak unavailable)
rCorr    .         Harm     .   (gloves unavailable)
MR       .....                  (boots unavailable)
Stlth    +++.......             (no amulet)
HPRegen  0.02/turn              (no ring)
MPRegen  0.09/turn              (no ring)

@: quick
A: very small, no armour, no weapons or thrown items, stealth, claws 1, fangs 3,
see invisible, carnivore, speed 1, shaggy fur 1, slow metabolism 1, sharp paws
a: no special abilities


You were on level 1 of the Dungeon.
You were not hungry.

You visited 1 branch of the dungeon, and saw 1 of its levels.

You collected 4 gold pieces.

Inventory:

Scrolls
 a - 2 scrolls of identify
 c - a scroll of remove curse {unknown}
Comestibles
 b - a ration


   Skills:
 - Level 2.6 Dodging
 + Level 4.2 Stealth
 + Level 1.0 Unarmed Combat
 - Level 2.0 Spellcasting
 + Level 4.8 Hexes


You had 3 spell levels left.
You knew the following spells:

 Your Spells              Type           Power        Failure   Level  Hunger
a - Corona                Hex            ###....      2%          1    #......

Your spell library contained the following spells:

 Spells                   Type           Power        Failure   Level  Hunger
 Confuse                  Hex            ###.....     9%          3    ###....
 Tukima's Dance           Hex            ###.....     9%          3    ###....
 Ensorcelled Hibernation  Hex/Ice        #.....       12%         2    ###....
 Dazzling Spray           Conj/Hex       #.....       22%         3    ###....


Dungeon Overview and Level Annotations

Branches:
Dungeon (1/15)

Altars:

Annotations:
D:1 1 runed translucent door


Innate Abilities, Weirdness & Mutations

You cannot wear armour.
You are incapable of wielding weapons or throwing items.
Your paws allow you to move quietly. (Stealth)
You have sharp claws.
You have razor-sharp teeth.
You have supernaturally acute eyesight. (SInv)
You are carnivorous and can eat meat at any time.
You cover ground quickly.
You are covered in fur. (AC +1)
You have a slow metabolism.
Your sharp claws are effective at attacking unaware monsters.


Message History

Press: ? - help, Shift-Dir - straight line, f/p - ooze
Aim: an ooze (chance to defeat MR: 54%)
The ooze is outlined in light.
The ooze misses you.
You scratch the ooze.
The ooze is moderately wounded.
The ooze completely misses you.
You scratch the ooze.
The ooze is moderately wounded.
The ooze barely misses you.
You scratch the ooze.
The ooze is heavily wounded.
The ooze misses you.
You scratch the ooze.
The ooze is almost dead.
The ooze hits you.
* * * LOW HITPOINT WARNING * * *
You scratch the ooze. You bite the ooze, but do no damage.
The ooze is almost dead.
The ooze hits you.
You die...

##### ...#
##+#######+###.#####
..⌠...>...⌠..#.....#####
......<......#.).......#
⌠....###....⌠'..##.###.#
.............#..##.# #.#
######+#######..##.# #.#
J..w.rs.rJJsr#.J@..###.#######
..s..s.sJ.JJh#.####..........#
.....w..h..h.#.# #.##..#[##.#
##############J####.##.......#
.....J..............##.....#.#
....###.#.#.........###....#.#
....................###....#.#
....###...#.##.......).......#
.#### #.....##......####.....#


You could see an ooze.

Vanquished Creatures
  2 goblins (D:1)
  A hobgoblin (D:1)
  A kobold (D:1)
  2 rats (D:1)
6 creatures vanquished.

Notes
Turn   | Place    | Note
-------+----------+-------------------------------------------
     0 | D:1      | Trogdor the Felid Enchanter began the quest for the Orb.
     0 | D:1      | Reached XP level 1. HP: 7/7 MP: 4/4
     0 | D:1      | Noticed a jelly
     0 | D:1      | Noticed a jelly
     2 | D:1      | Found a runed translucent door.
   220 | D:1      | Slain by an ooze

Action                   || total
-------------------------++-------
Melee: Unarmed           ||    27
       Bite              ||     1
 Cast: Corona            ||     7
  Use: Scroll            ||     1
 Stab: Sleeping          ||     1
Dodge: Dodged            ||    23
